Map: Coda LE (Void)

Players

IIIIIIIIII

  • Race: Zerg Zerg

Candice

  • Race: Zerg Zerg

Shamanas - Winner!

  • Race: Terran Terran

Saturos - Winner!

  • Race: Terran Terran

VOD

Have the link to the VOD?

Description

Time

  • Played on: May 1, 2015, 9:17 a.m.
  • Length: 12:55
Show
View Real Time Build Order
Export as new Build Order

IIIIIIIIII Zerg 

Build Orders: Hatch First 

Get SALT Encoding   

  12  0:05  Drone  
  13  0:41  Hatchery  
  13  0:42  Overlord  
  12  0:45  Drone  
  13  0:50  Overlord  
  13  0:55  Drone  
  14  1:12  Drone  
  16  1:18  Drone  
  16  1:24  Spawning Pool  
  15  1:28  Drone, Extractor  
  15  1:34  Extractor  
  14  1:40  Drone  
  15  1:47  Drone  
  16  1:56  Drone  
  16  1:58  Drone  
  18  2:11  Queen  
  18  2:14  Zergling x2  
  21  2:34  Zergling x2  
  21  2:35  Zergling x4  
  23  2:53  Drone x4  
  23  2:55  Queen  
  29  3:14  Drone x3  
  29  3:17  Drone  
  29  3:19  Overlord  
  33  3:31  Burrow  
  33  3:36  Drone x3  
  33  3:37  Baneling Nest  
  35  3:55  Drone  
  35  3:57  Hatchery  
  35  4:25  Drone  
  35  4:26  Drone x8  
  35  4:29  Overlord  
  35  4:30  Extractor  
  43  4:31  Overlord  
  42  4:44  Lair  
  42  4:46  Drone  
  42  4:48  Drone x2  
  42  4:49  Drone  
  42  4:50  Drone  
  47  4:56  Extractor  
  47  4:58  Queen  
  48  5:14  Metabolic Boost  
  48  5:20  Evolution Chamber  
  47  5:24  Spine Crawler  
  47  5:25  Evolution Chamber, Spine Crawler  
  44  5:31  Drone x3  
  47  5:41  Queen  
  49  5:47  Spire  
  47  6:08  Zergling x24  
  53  6:37  Zerg Melee Weapons Level 1  
  53  6:38  Zerg Ground Armor Level 1  
  48  6:48  Overlord x3  
  43  7:02  Mutalisk x5  
  43  7:04  Zergling x2  
  43  7:05  Mutalisk  
  43  7:06  Mutalisk x4  
  62  7:13  Mutalisk  
  64  7:26  Zerg Flyer Weapons Level 1  
  64  7:47  Hatchery  
  64  7:50  Drone x2  
  64  7:51  Drone x2  
  67  8:09  Queen  
  67  8:10  Hatchery  
  68  8:17  Hatchery  
  67  8:33  Zerg Melee Weapons Level 2  
  67  8:34  Zerg Ground Armor Level 2  
  67  8:58  Overlord  
  67  8:59  Drone x5  
  67  9:00  Drone x2, Overlord x2  
  74  9:03  Overlord x3  
  74  9:16  Queen  
  76  9:30  Drone x3  
  76  9:31  Drone x6  
  83  9:32  Drone x2  
  73  9:39  Zergling x2  
  73  9:40  Zergling x14  
  73  9:42  Zergling x2  
  73  9:43  Zergling x2  
  83  9:46  Zergling x6  
  86  9:58  Queen  
  87  10:09  Zergling x8  
  87  10:10  Zergling x18  
  87  10:12  Overseer x3  
  100  10:29  Spine Crawler  
  95  11:09  Zergling x2  
  95  11:10  Overlord x2, Zergling x28  
  107  11:11  Zergling x2  
  107  11:12  Zergling x10  
  108  11:22  Drone x5  
  113  11:26  Extractor  
  113  11:28  Extractor  
  111  11:33  Infestation Pit  
  110  11:44  Queen  
  112  11:53  Spine Crawler  
  111  12:07  Overlord  
  111  12:08  Overlord  
  111  12:09  Drone x2  
  111  12:10  Drone x11  
  111  12:11  Drone x3  
  127  12:17  Infestation Pit  
  126  12:22  Spine Crawler  
  126  12:23  Spine Crawler  
Show
View Real Time Build Order
Export as new Build Order

Candice Zerg 

Build Orders:  

Get SALT Encoding   

  12  0:01  SCV  
  13  0:14  SCV  
  13  0:21  Supply Depot  
  14  0:26  SCV  
  15  0:41  Refinery  
  15  0:42  SCV  
  16  0:45  Barracks  
  16  0:54  SCV  
  17  1:06  SCV  
  18  1:19  SCV  
  19  1:32  Orbital Command  
  19  1:33  Reaper  
  19  1:34  Supply Depot  
  20  1:58  SCV  
  21  2:03  Command Center  
  21  2:05  Marine  
  22  2:17  SCV  
  22  2:18  Factory  
  23  2:29  SCV  
  24  2:32  Barracks Reactor  
  24  2:38  Refinery  
  24  2:41  SCV  
  25  2:53  SCV  
  25  2:55  Command Center  
  26  3:03  Factory Tech Lab  
  26  3:05  Bunker  
  26  3:07  SCV  
  26  3:08  Supply Depot  
  27  3:17  Orbital Command  
  26  3:21  SCV  
  27  3:28  Cyclone  
  30  3:34  Marine x2  
  30  3:38  SCV  
  33  3:44  Factory  
  33  3:47  SCV  
  34  3:53  SCV  
  35  3:58  Marine x2  
  35  3:59  SCV  
  38  4:05  SCV, Cyclone  
  42  4:10  Orbital Command  
  42  4:11  SCV  
  44  4:17  SCV  
  44  4:23  SCV  
  45  4:28  Armory  
  45  4:29  SCV, Refinery x2  
  46  4:35  SCV  
  47  4:39  Hellion x2  
  47  4:40  SCV  
  47  4:41  SCV  
  53  4:46  Cyclone  
  53  4:49  SCV  
  58  4:52  SCV  
  58  4:57  Supply Depot  
  58  5:00  SCV  
  58  5:01  SCV  
  58  5:02  Hellion x2  
  58  5:05  Infernal Pre-Igniter  
  65  5:09  Missile Turret  
  65  5:13  SCV x2  
  66  5:22  Starport  
  66  5:25  Hellion x2, Factory  
  70  5:31  SCV x2  
  72  5:43  Cyclone  
  72  5:46  SCV x2  
  72  5:49  Terran Vehicle and Ship Weapons Level 1, Bunker  
  77  5:52  Orbital Command  
  77  6:00  Starport Tech Lab  
  77  6:20  Missile Turret  
  77  6:24  Factory Tech Lab  
  77  6:27  SCV  
  77  6:28  SCV  
  77  6:30  Supply Depot x2  
  77  6:36  Armory  
  77  6:39  Refinery x2  
  77  6:41  Missile Turret  
  77  6:47  SCV x3  
  76  6:50  Banshee  
  76  6:51  Thor, Hellion x2  
  76  6:52  Missile Turret  
  87  6:55  Thor  
  93  7:03  SCV x2  
  93  7:10  Supply Depot  
  93  7:13  Supply Depot  
  93  7:14  Supply Depot  
  93  7:26  Starport  
  93  7:31  Starport  
  93  7:32  SCV x3, Hellbat x2, Fusion Core  
  93  7:34  Terran Vehicle And Ship Armor Level 1  
  93  7:35  Banshee  
  103  7:37  Cloaking Field  
  103  7:44  SCV, Missile Turret  
  103  7:45  Thor  
  103  7:54  Missile Turret  
  103  7:55  SCV x2  
  103  7:56  SCV, Missile Turret  
  103  7:57  Thor  
  112  7:58  Missile Turret  
  112  8:13  Supply Depot x2  
  112  8:15  Supply Depot  
  112  8:18  Starport Reactor  
  112  8:19  Starport Tech Lab  
  112  8:20  Command Center  
  112  8:27  Hellbat x2  
  112  8:31  Unknown  
  116  8:37  Terran Vehicle and Ship Weapons Level 2  
  116  8:38  Viking  
  116  8:40  Thor  
  124  8:44  Cyclone  
  124  8:45  SCV  
  124  8:46  SCV x2  
  130  8:51  Supply Depot  
  130  8:58  SCV  
  131  9:08  Battlecruiser  
  139  9:17  Viking, Hellbat x2  
  139  9:18  Viking  
  143  9:29  Terran Vehicle And Ship Armor Level 2  
  143  9:30  Hellion x7  
  143  9:31  Supply Depot  
  143  9:34  Cyclone  
  144  9:53  Hellbat x2  
  144  9:54  Cyclone  
  144  9:56  Supply Depot, Refinery  
  144  9:57  Viking x2  
  144  9:59  Missile Turret  
  155  10:00  Missile Turret  
  155  10:01  Refinery  
  155  10:04  Orbital Command  
  155  10:11  Cyclone  
  158  10:15  Weapon Refit  
  158  10:25  Banshee  
  161  10:30  Supply Depot  
  161  10:31  Supply Depot  
  161  10:34  SCV x3  
  164  10:37  Viking x2  
  164  10:39  Battlecruiser  
  174  10:43  Supply Depot  
  174  10:44  Supply Depot  
  174  10:48  Supply Depot  
  174  10:53  Supply Depot  
  174  10:54  Supply Depot, Missile Turret  
  172  11:05  Cyclone x2  
  172  11:08  Command Center  
  166  11:20  Command Center  
  166  11:26  Hellbat  
  166  11:27  Hellbat  
  176  11:32  Battlecruiser  
  176  11:33  Viking x2  
  180  11:43  Banshee  
  180  11:46  Cyclone  
  186  11:47  Cyclone  
  186  11:49  Hellbat x2  
  193  12:04  Viking  
  195  12:16  Starport  
  195  12:18  Starport  
  195  12:22  Refinery, Missile Turret  
  194  12:24  Refinery  
  194  12:46  Engineering Bay  
  194  12:48  Missile Turret  
  198  12:53  Missile Turret  
Show
View Real Time Build Order
Export as new Build Order

Shamanas Terran - Winner!

Build Orders:  

Get SALT Encoding   

Show
View Real Time Build Order
Export as new Build Order

Saturos Terran - Winner!

Build Orders:  

Get SALT Encoding   

Tags
 
Add a new tag
Caveats
  • Supply blocks, unpowered buildings, or Contaminate may cause inaccurate times.
  • Supply counts are checked every 10 seconds.